 Dungeon Crawl Stone Soup version 0.31-a0-638-g26219f789d (webtiles) character file.

Game seed: 156513198866319392

337 Conn the Sneak (level 6, -4/36 HPs)
             Began as an Octopode Fire Elementalist on Aug 27, 2023.
             Slain by an ice beast (14 damage)
             ... on level 5 of the Dungeon.
             The game lasted 00:06:50 (4126 turns).

Conn the Sneak (Octopode Fire Elementalist)         Turns: 4126, Time: 00:06:51

Health: -4/36      AC:  1    Str:  7    XL:     6   Next: 54%
Magic:  7/11       EV: 13    Int: 20    God:
Gold:   224        SH:  0    Dex: 12    Spells: 11/12 levels left

rFire   . . .        h - +2 dagger (venom)
rCold   . . .        (no shield)
rNeg    . . .        (helmet restricted)
rPois   .            (no amulet)
rElec   .            (no ring)
rCorr   .            (no ring)
SInv    .            (no ring)
Will    .....        (no ring)
Stlth   +++          (no ring)
HPRegen 0.26/turn    (no ring)
MPRegen 0.12/turn    (no ring)
                     (no ring)

%: no passive effects
@: no status effects
A: almost no armour, amphibious, 8 rings, camouflage 1, gelatinous body 1,
(nimble swimmer 1), tentacles
a: no special abilities


You were on level 5 of the Dungeon.
You visited 1 branch of the dungeon, and saw 5 of its levels.

You collected 224 gold pieces.

Inventory:

Hand Weapons
 h - a +2 dagger of venom (weapon)
Magical Staves
 c - a staff of cold
Scrolls
 d - a scroll of blinking
 e - 4 scrolls of identify {unknown}
 f - 3 scrolls of noise {unknown}
 g - a scroll of fog {unknown}
 i - a scroll of amnesia {unknown}
 k - a scroll of immolation {unknown}
 l - a scroll of teleportation
 m - a scroll of enchant weapon {unknown}
 n - a scroll of vulnerability {unknown}
 o - a scroll of fear {unknown}
Potions
 a - a potion of magic
 b - a potion of lignification {unknown}
 j - a potion of curing {unknown}
 p - a potion of haste {unknown}
 q - a potion of degeneration {unknown}


   Skills:
 + Level 0.6 Short Blades
 + Level 2.4 Dodging
 + Level 4.2 Stealth
 * Level 3.7 Spellcasting
 * Level 3.7 Conjurations
 + Level 4.0 Fire Magic


You had 11 spell levels left.
You knew the following spells:

 Your Spells              Type           Power      Damage    Failure   Level
a - Foxfire               Conj/Fire      76%        2x1d7     2%          1

Your spell library contained the following spells:

 Spells                   Type           Power      Damage    Failure   Level
 Scorch                   Fire           38%        2d6       3%          2
 Inner Flame              Hex/Fire       11%        N/A       17%         3
 Volatile Blastmotes      Fire/Tloc      22%        2d11      17%         3
 Flame Wave               Conj/Fire      19%        2d7       26%         4


Dungeon Overview and Level Annotations

Branches:
Dungeon (5/15)
 Temple: D:4-7

Altars:
Fedhas
Trog


Innate Abilities, Weirdness & Mutations

You cannot wear most types of armour.
You are amphibious.
You can wear up to eight rings at the same time.
Your skin changes colour to match your surroundings (Stealth+).
Your rubbery body absorbs attacks. (AC +1, EV +1)
((You are camouflaged when in or above water. (Stealth+)))
You have tentacles for arms and can constrict up to eight enemies at once.


Message History

You conjure some foxfire!
Casting: Foxfire (safe; 2% risk of failure)
Confirm with . or Enter, or press ? or * to list all spells.
You conjure some foxfire!
The foxfire hits the ice beast but does no damage. x2
Unknown command.
Casting: Foxfire (safe; 2% risk of failure)
Confirm with . or Enter, or press ? or * to list all spells.
You don't know that spell.
Unknown command.
Casting: Foxfire (safe; 2% risk of failure)
Confirm with . or Enter, or press ? or * to list all spells.
Okay, then.
Unknown command.
Casting: Foxfire (safe; 2% risk of failure)
Confirm with . or Enter, or press ? or * to list all spells.
You conjure some foxfire!
The foxfire hits the ice beast.
The ice beast melts!
The ice beast is moderately wounded.
The foxfire hits the ice beast but does no damage.
The ice beast is moderately wounded.
The ice beast hits you. The ice beast freezes you!
Casting: Foxfire (safe; 2% risk of failure)
Confirm with . or Enter, or press ? or * to list all spells.
You conjure some foxfire!
The foxfire hits the ice beast but does no damage.
The ice beast is moderately wounded.
The foxfire hits the ice beast but does no damage.
The ice beast is moderately wounded.
The ice beast hits you. The ice beast freezes you!
Unknown command.
You closely miss the ice beast.
The ice beast is moderately wounded.
The foxfire hits the ice beast.
The ice beast melts!
The ice beast is moderately wounded.
The foxfire hits the ice beast!
The ice beast melts!
The ice beast is severely wounded.
The ice beast hits you.
* * * LOW HITPOINT WARNING * * *
The ice beast freezes you!
You die...

+................#
####.............#
####<.........#
####.....###
#.....#
...##...####
...........###
#.#.##.#.ยงยง..#...
..).....@.......
#.#..)##.Y...#... .
#..............
#.#.###........
#.#. ......#.. .
.....## # ######


You could see an ice beast.

Vanquished Creatures
  A scorpion (D:5)
  4 hounds
  An orc wizard (D:4)
  4 gnolls (D:2)
  A shadow imp (D:4)
  A worm (D:4)
  5 dart slugs
  4 orcs (D:4)
  7 bats
  9 endoplasms
  A giant cockroach (D:1)
  5 goblins
  6 hobgoblins
  3 jackals (D:4)
  7 kobolds
  5 quokkas
  4 ball pythons
  5 frilled lizards
  6 rats
79 creatures vanquished.

Vanquished Creatures (others)
  212 foxfires
212 creatures vanquished.

Grand Total: 291 creatures vanquished

Notes
Turn   | Place    | Note
-------+----------+-------------------------------------------
     0 | D:1      | Conn the Octopode Fire Elementalist began the quest for the
                  | Orb.
     0 | D:1      | Reached XP level 1. HP: 11/11 MP: 3/3
   185 | D:1      | Reached XP level 2. HP: 17/17 MP: 0/5
   823 | D:2      | Reached XP level 3. HP: 21/21 MP: 3/6
  1160 | D:2      | Reached XP level 4. HP: 27/27 MP: 4/8
  2181 | D:3      | Found a bloodstained altar of Trog.
  2387 | D:3      | Found a blossoming altar of Fedhas.
  3013 | D:4      | Reached XP level 5. HP: 31/31 MP: 3/9
  3678 | D:4      | Reached XP level 6. HP: 36/36 MP: 11/11
  4011 | D:5      | Entered Level 5 of the Dungeon
  4118 | D:5      | Noticed an ice beast
  4126 | D:5      | Slain by an ice beast

Illustrated notes

Levels and vault maps discovered:
D:1:      lemuel_arrival_hallway, layout_loops_ring
D:2:      layout_basic
D:3:      layout_loops_ring, mainiacjoe_overflow_small_starburst,
          fedhas_altar_fruit_tree
D:4:      layout_cave_pods, nicolae_twisty_statue_hallways
D:5:      layout_basic, gammafunk_ghost_necromancy

Skill      XL: |  1  2  3  4  5  6 |
---------------+-------------------+-----
Spellcasting   | 3 |  3.7
Stealth        | 3 4 |  4.2
Conjurations   | 2 3 |  3.7
Fire Magic     | 4 |  4.0
Short Blades   | |  0.6
Dodging        | |  2.4

Action                     |  1- 3 |  4- 6 || total
---------------------------+-------+-------++-------
  Melee: Unarmed           |    15 |       ||    15
         Constrict         |     6 |    16 ||    22
         Tentacles         |     3 |    13 ||    16
         Staff             |     9 |       ||     9
         Dagger            |       |    38 ||    38
         Punch             |       |     2 ||     2
   Cast: Foxfire           |    46 |    80 ||   126
    Use: Scroll            |     2 |       ||     2
   Stab: Sleeping          |     4 |     8 ||    12
 Armour: Skin              |     3 |     4 ||     7
  Dodge: Dodged            |    30 |    23 ||    53

Table legend: (Time is in decaauts)
 A = Elapsed time spent in this place.
 B = Non-inter-level travel time spent in this place.
 C = Inter-level travel time spent in this place.
 D = Time resting spent in this place.
 E = Time spent auto-exploring this place.
 F = Levels seen in this place.
 G = Mean time per level.
                   A        B        C        D        E       F      G
               +--------+--------+--------+--------+--------+-----+--------+
         Total |   4125 |   4024 |    101 |     55 |   3167 |   5 |  825.0 |
       Dungeon |   4125 |   4024 |    101 |     55 |   3167 |   5 |  825.0 |
               +--------+--------+--------+--------+--------+-----+--------+

Top non-repeatable levels by time:
     D:2: 1231 daAuts
     D:4: 1219 daAuts
     D:3: 808 daAuts
     D:1: 750 daAuts
     D:5: 114 daAuts
